 Dungeon Crawl Stone Soup version 0.27-a0-941-g386ccf399c (webtiles) character file.

Game seed: 8358014368463953863

54 Essalna the Insei (level 3, 0/24 HPs)
             Began as an Octopode Transmuter on Apr 11, 2021.
             Slain by a jelly (2 damage)
             ... on level 2 of the Dungeon.
             The game lasted 00:02:24 (1483 turns).

Essalna the Insei (Octopode Transmuter)             Turns: 1483, Time: 00:02:25

Health: 0/24       AC:  1    Str:  9    XL:     3   Next: 91%
Magic:  5/6        EV: 13    Int: 15    God:
Gold:   68         SH:  0    Dex: 13    Spells: 5/6 levels left

rFire    . . .     SeeInvis .     - Unarmed
rCold    . . .     Faith    .   (no shield)
rNeg     . . .     Spirit   .   (helmet currently unavailable)
rPois    .         Reflect  .   (no amulet)
rElec    .         Harm     .   (no ring)
rCorr    .         Rampage  .   (no ring)
Will     .....                  (no ring)
Stlth    ++........             (no ring)
HPRegen  0.08/turn              (no ring)
MPRegen  0.10/turn              (no ring)
                                (no ring)
                                (no ring)

@: appendages
A: tentacle spike 3, almost no armour, amphibious, 8 rings, camouflage 1,
gelatinous body 1, (nimble swimmer 1), tentacles
a: End Transformation


You were on level 2 of the Dungeon.
One of your tentacles had grown a beastly spike.
You visited 1 branch of the dungeon, and saw 2 of its levels.

You collected 68 gold pieces.

Inventory:

Scrolls
 b - a scroll of teleportation {unknown}
 g - a scroll of acquirement {unknown}
Potions
 a - 2 potions of haste {unknown}
 c - a potion of heal wounds {unknown}
 d - a potion of curing {unknown}
 e - a potion of magic {unknown}
 f - 2 potions of might {unknown}


   Skills:
 + Level 2.1 Fighting
 - Level 2.0 Dodging
 + Level 3.6 Unarmed Combat
 - Level 2.0 Spellcasting
 + Level 2.8 Transmutations


You had 5 spell levels left.
You knew the following spells:

 Your Spells              Type           Power      Damage    Failure   Level
a - Beastly Appendage     Tmut           18%        N/A       7%          1

Your spell library contained the following spells:

 Spells                   Type           Power      Damage    Failure   Level
 Wereblood                Tmut           9%         N/A       11%         2
 Spider Form              Tmut/Pois      2%         N/A       36%         3
 Ice Form                 Ice/Tmut       5%         N/A       77%         4
 Hydra Form               Tmut           4%         N/A       89%         5


Dungeon Overview and Level Annotations

Branches:
Dungeon (2/15)

Altars:


Innate Abilities, Weirdness & Mutations

One of your tentacles has grown a beastly spike.
You cannot wear most types of armour.
You are amphibious.
You can wear up to eight rings at the same time.
Your skin changes colour to match your surroundings (Stealth+).
Your rubbery body absorbs attacks. (AC +1, EV +1)
((You are camouflaged near water. (Stealth+)))
You have tentacles for arms and can constrict up to eight enemies at once.


Message History

There is an open door here.
You see here a hobgoblin skeleton.
There is an open door here.
An adder and a jelly come into view.
Found 15 gold pieces.
The adder hisses angrily.
There is a stone staircase leading up here.
There is an open door here.
Casting: Beastly Appendage (safe; 8% risk of failure)
Confirm with . or Enter, or press ? or * to list all spells.
One of your tentacles grows a vicious spike.
The adder barely misses you.
You closely miss the adder. You grab the adder. You constrict the adder.
The adder bites you.
You tentacle-slap the adder.
The adder is heavily wounded.
You constrict the adder. The adder bites you.
You barely miss the adder.
The adder is heavily wounded.
You constrict the adder. The adder bites you. x2
You tentacle-slap the adder.
Your tentacle spike misses the adder.
The adder is almost dead.
You constrict the adder.
You kill the adder!
You tentacle-slap the jelly.
Your tentacles burn!
* * * LOW HITPOINT WARNING * * *
The jelly is moderately wounded.
The jelly barely misses you.
You tentacle-slap the jelly but do no damage.
Your tentacles burn!
* * * LOW HITPOINT WARNING * * *
You pierce the jelly.
The jelly is heavily wounded.
You tentacle-slap the jelly but do no damage.
Your tentacles burn!
* * * LOW HITPOINT WARNING * * *
You pierce the jelly.
The jelly is almost dead.
The jelly hits you.
You die...

...........#
...........#
######
...........#
#....#
..$........#
#....# #######
#....# #....#
#.....# #....#
#....# #.###.#
#....# #....#
#.#.#.#
#....####....#
#.#.#.#
+....J@.รท....#
#.#.#.#
#..<.####....#
#.#.#.# ######
#....# #.#.#.##
#....# #.#.#...
#....###.#.####
#........#.#
##########.####
#..... ######


You could see a jelly.

Vanquished Creatures
  2 adders (D:2)
  2 dart slugs
  4 bats
  6 endoplasms
  A giant cockroach (D:1)
  4 goblins (D:1)
  4 hobgoblins
  A quokka (D:1)
  3 ball pythons (D:1)
  A frilled lizard (D:1)
  A rat (D:1)
29 creatures vanquished.

Notes
Turn   | Place    | Note
-------+----------+-------------------------------------------
     0 | D:1      | Essalna the Octopode Transmuter began the quest for the
                  | Orb.
     0 | D:1      | Reached XP level 1. HP: 13/13 MP: 3/3
   128 | D:1      | Reached XP level 2. HP: 13/18 MP: 3/5
   697 | D:1      | Reached XP level 3. HP: 24/24 MP: 6/6
  1483 | D:2      | Slain by a jelly

Illustrated notes

Levels and vault maps discovered:
D:1:      lightli_molten_gateway, layout_rooms, minmay_tromino_v7
D:2:      layout_basic, ebering_ecumenical_altar_hall, uniq_crazy_yiuf_cottage

Skill      XL: |  1  2  3 |
---------------+----------+-----
Fighting       | 2 |  2.1
Dodging        | |  2.0
Unarmed Combat | |  3.6
Spellcasting   | |  2.0
Transmutations | |  2.8

Action                   || total
-------------------------++-------
Melee: Unarmed           ||    72
       Constrict         ||    12
       Kick              ||    12
       Tentacles         ||    11
       Punch             ||     2
 Cast: Beastly Appendage ||    12
 Stab: Sleeping          ||     3
Armor: Skin              ||     4
Dodge: Dodged            ||    41

Table legend: (Time is in decaauts)
 A = Elapsed time spent in this place.
 B = Non-inter-level travel time spent in this place.
 C = Inter-level travel time spent in this place.
 D = Time resting spent in this place.
 E = Time spent auto-exploring this place.
 F = Levels seen in this place.
 G = Mean time per level.
                   A        B        C        D        E       F      G
               +--------+--------+--------+--------+--------+-----+--------+
         Total |   1478 |   1428 |     50 |      0 |   1233 |   2 |  739.0 |
       Dungeon |   1478 |   1428 |     50 |      0 |   1233 |   2 |  739.0 |
               +--------+--------+--------+--------+--------+-----+--------+

Top non-repeatable levels by time:
     D:1: 1052 daAuts
     D:2: 425 daAuts
